 Dungeon Crawl Stone Soup version 0.31-b1-22-gc680215f68 (webtiles) character file.

Game seed: 14573401592352681667

248948 MysticSailboat the Heavyweight Champion (level 18, 0/276 HPs)
             Began as a Troll Fighter on Jan 18, 2024.
             Was an Initiate of Yredelemnul.
             Slain by a +0 flail of holy wrath (9 damage)
             ... animated by Zenata
             ... on level 2 of the Elven Halls.
             The game lasted 01:38:32 (32729 turns).

MysticSailboat the Heavyweight Champion (TrFi)     Turns: 32729, Time: 01:38:32

Health: 0/276      AC: 19    Str: 41    XL:     18   Next: 86%
Magic:  17/17      EV: 14    Int:  4    God:    Yredelemnul [......]
Gold:   2135       SH: 21    Dex:  9    Spells: 17/17 levels left

rFire   . .          .
                       - Unarmed
rCold   . . .        O - +5 kite shield {reflect}
rNeg    . . .        Q - +4 acid dragon scales
rPois   .            L - +2 hat
rElec   +            b - +2 cloak
rCorr   +            (gloves unavailable)
SInv    .            (boots unavailable)
Will    +....        U - amulet of Kourosk {Reflect rElec SH+5}
Stlth   x              - +6 ring of strength
HPRegen 1.46/turn    t - +5 ring of evasion
MPRegen 0.15/turn

%: reflection
@: mighty, berserking, attractive, very quick
A: large, unfitting armour, claws 3, regeneration 1, shaggy fur 1, tough skin 1
}: 2/15 runes: decaying, serpentine
a: Renounce Religion, Recall Undead Harvest


You were on level 2 of the Elven Halls.
You worshipped Yredelemnul.
Yredelemnul was noncommittal.
You visited 6 branches of the dungeon, and saw 32 of its levels.

You collected 3127 gold pieces.
You spent 992 gold pieces at shops.

Inventory:

Missiles
 u - 3 throwing nets (quivered)
Armour
 b - a +2 cloak (worn)
 L - a +2 hat (worn)
 O - a +5 kite shield of reflection (worn)
 Q - +4 acid dragon scales (worn)
Jewellery
 q - a +4 ring of protection
 t - a +5 ring of evasion (right claw)
 x - a +6 ring of strength (left claw)
 A - a ring of ice
 I - a ring of protection from cold
 J - a ring of protection from cold
 M - a ring of protection from cold
 T - an amulet of regeneration
 U - the amulet of Kourosk (around neck) {Reflect rElec SH+5}
   (You acquired it on level 5 of the Lair of Beasts)

   [amulet of reflection]

   Reflect:   It reflects blocked missile attacks.
   rElec:     It insulates you from electricity.
   SH+5:      It affects your SH (+5).
 W - a ring of resist corrosion
 X - a +5 ring of evasion
Wands
 e - a wand of quicksilver (7)
 v - a wand of flame (70)
 z - a wand of digging (6)
 H - a wand of mindburst (1)
 K - a wand of roots (14)
 S - a wand of polymorph (8)
 Y - a wand of charming (4)
Scrolls
 a - a scroll of butterflies
 d - 7 scrolls of enchant weapon
 f - 3 scrolls of torment
 g - 3 scrolls of fog
 h - 2 scrolls of brand weapon
 i - 3 scrolls of vulnerability
 k - 11 scrolls of immolation
 n - 3 scrolls of fear
 p - 8 scrolls of silence
 r - 3 scrolls of revelation
 s - 9 scrolls of teleportation
 y - 6 scrolls of amnesia
 B - 2 scrolls of noise
 C - 9 scrolls of poison
 E - a scroll of blinking
Potions
 c - 3 potions of might
 j - 5 potions of enlightenment
 l - 12 potions of curing
 m - 5 potions of brilliance
 o - 3 potions of attraction
 w - 2 potions of cancellation
 D - a potion of lignification
 F - 2 potions of invisibility
 G - 2 potions of resistance
 N - 3 potions of berserk rage
 P - 4 potions of heal wounds
 R - a potion of ambrosia
 V - a potion of haste
 Z - 2 potions of mutation


   Skills:
 + Level 12.6 Fighting
 - Level 8.7 Armour
 - Level 2.4 Dodging
 - Level 11.4 Shields
 O Level 27 Unarmed Combat


You had 17 spell levels left.
You didn't know any spells.
Your spell library contained the following spells:

 Spells                   Type           Power      Damage    Failure   Level
 Apportation              Tloc           0%         N/A       65%         1
 Magic Dart               Conj           0%         1d3       65%         1
 Necrotise                Necr           0%         1d4       65%         1
 Shock                    Conj/Air       0%         1d3       65%         1
 Sting                    Conj/Alch      0%         1d3       65%         1
 Summon Small Mammal      Summ           0%         N/A       65%         1
 Cigotuvi's Dreadful Rot  Necr/Alch/Air  0%         N/A       78%         2
 Ensorcelled Hibernation  Hex/Ice        0%         N/A       78%         2
 Mercury Vapours          Alch/Air       0%         N/A       78%         2
 Searing Ray              Conj           0%         2d4       78%         2
 Call Canine Familiar     Summ           0%         N/A       95%         3
 Fugue of the Fallen      Necr           0%         N/A       95%         3
 Inner Flame              Hex/Fire       0%         N/A       95%         3
 Mephitic Cloud           Conj/Alch/Air  0%         N/A       95%         3
 Stone Arrow              Conj/Erth      0%         3d7       95%         3
 Summon Ice Beast         Ice/Summ       0%         N/A       95%         3
 Swiftness                Air            0%         N/A       95%         3
 Airstrike                Air            0%         2d(0-16)  100%        4
 Anguish                  Hex/Necr       0%         N/A       100%        4
 Animate Armour           Summ/Erth      0%         N/A       100%        4
 Brom's Barrelling Bould  Conj/Erth      0%         2d3       100%        4
 Cause Fear               Hex            0%         N/A       100%        4
 Dispel Undead            Necr           0%         3d6       100%        4
 Flame Wave               Conj/Fire      0%         2d4       100%        4
 Fulminant Prism          Conj/Alch      0%         3d5       100%        4
 Ignite Poison            Fire/Alch      0%         N/A       100%        4
 Iskenderun's Mystic Bla  Conj/Tloc      0%         2d3       100%        4
 Manifold Assault         Tloc           0%         N/A       100%        4
 Martyr's Knell           Necr/Summ      0%         N/A       100%        4
 Olgreb's Toxic Radiance  Alch           0%         N/A       100%        4
 Sticky Flame             Fire/Alch      0%         2d4       100%        4
 Summon Blazeheart Golem  Fire/Summ      0%         N/A       100%        4
 Summon Lightning Spire   Summ/Air       0%         N/A       100%        4
 Vhi's Electric Charge    Tloc/Air       0%         N/A       100%        4
 Arcjolt                  Conj/Air       0%         1d10      100%        5
 Fireball                 Conj/Fire      0%         3d3       100%        5
 Freezing Cloud           Conj/Ice/Air   0%         6-21      100%        5
 Iskenderun's Battlesphe  Conj           0%         2d6       100%        5
 Lee's Rapid Deconstruct  Erth           0%         3d4*      100%        5
 Summon Mana Viper        Hex/Summ       0%         N/A       100%        5
 Conjure Ball Lightning   Conj/Air       0%         3x3d6     100%        6
 Dispersal                Tloc           0%         N/A       100%        6
 Plasma Beam              Fire/Air       0%         2x1d10    100%        6
 Enfeeble                 Hex            0%         N/A       100%        7
 Malign Gateway           Summ/Tloc      0%         N/A       100%        7
 Monstrous Menagerie      Summ           0%         N/A       100%        7
 Orb of Destruction       Conj           0%         9d5       100%        7
 Disjunction              Tloc           0%         N/A       100%        8
 Summon Horrible Things   Summ           0%         N/A       100%        8
 Dragon's Call            Summ           0%         N/A       100%        9
 Death Channel            Necr           Unusable   N/A       N/A         6

Dungeon Overview and Level Annotations

Branches:
Dungeon (15/15) Zot: 25811  Temple (0/1) D:7            Lair (5/5) D:11 Zot: 24979
  Swamp (4/4) Lair:3 Zot: 20816   Snake (4/4) Lair:2 Zot: 17061   Slime (0/5) Lair:5
    Orc (2/2) D:9 Zot: 10311     Elf (2/3) Orc:2 Zot: 10578  Vaults (0/5) D:14
 Depths (0/4) D:15

Altars:
Cheibriados
Qazlal
Ru
Trog
Uskayaw
Wu Jian
Yredelemnul
Zin
The Shining One
Jiyva

Shops:
D:6 !   D:11 [   Orc:2 :(:??   Elf:1 ([   Snake:2 *

Portals:
Abyss: Swamp:2
Pandemonium: Orc:2

Annotations:
D:10 2 transporters, Strat's ghost, journeyman MiFE
Swamp:2 2 transporters, popps's ghost, adept MiBe
Elf:2 Zenata


Innate Abilities, Weirdness & Mutations

You are too large for most types of armour.
You have claws for hands.
Your natural rate of healing is unusually fast.
You are covered in fur. (AC +1)
You have tough skin. (AC +1)


Message History

Zenata is moderately wounded.
You block the +0 flail of holy wrath's attack.
You block the +0 flail of protection's attack.
The +4 heavy trident hits you!!
* * * LOW HITPOINT WARNING * * *
A red film seems to cover your vision as you go berserk!
You feel yourself moving faster!
You feel mighty!
You block the +0 flail of protection's attack.
You block the +0 flail of holy wrath's attack.
You block the +4 heavy trident's attack.
The +0 flail of protection closely misses you.
The +0 flail of holy wrath hits you but does no damage.
Zenata casts a spell at you.
A blast of power from the earth and the adjacent constructs strikes you!
* * * LOW HITPOINT WARNING * * *
The +0 flail of protection hits you!
* * * LOW HITPOINT WARNING * * *
The +0 flail of holy wrath hits you.
* * * LOW HITPOINT WARNING * * *
You claw Zenata!
Zenata is moderately wounded.
The +4 heavy trident hits you.
* * * LOW HITPOINT WARNING * * *
Zenata barely misses you.
You block the +0 flail of holy wrath's attack.
You block the +0 flail of protection's attack.
You closely miss Zenata.
Zenata is moderately wounded.
The +4 heavy trident hits you but does no damage.
You barely miss Zenata.
Zenata is moderately wounded.
The +0 flail of holy wrath hits you!
* * * LOW HITPOINT WARNING * * *
You block the +0 flail of protection's attack.
Zenata hits you but does no damage.
You eviscerate Zenata!!!
Zenata is severely wounded.
The +0 flail of holy wrath hits you!
You die...
Your body rises from the dead as a mindless zombie.

.#### .#... ##.....
...$... ######
?.$.... .(...#
.......
....#####((.....
##### #.....@a(.....
....###.....((......
###.................
..<..........##.....
..# #.###......#
.#... #.#
#.###.###.###### #
## #.# #.........#
##+## #.#
#####.##### ##...##
#.# #.### ##.....##
##.#


You could see Zenata and 5 dancing weapons.

Vanquished Creatures
  Mara (Swamp:3)
  Vashnia (Snake:3)
  A tentacled monstrosity (Swamp:4)
  Frances (Elf:1)
  Aizul (Snake:4)
  Roxanne (Snake:1)
  Donald (Orc:2)
  4 nagarajas
  A fenstrider witch (Swamp:2)
  A deep elf sorcerer (Elf:2)
  An orc warlord (Orc:2)
  A stone giant (D:15)
  A deep elf demonologist (Elf:1)
  Nessos (D:15)
  2 eleionomae
  A dire elephant (Lair:5)
  3 bunyips
  2 green deaths (Swamp:4)
  A shambling mangrove (Swamp:4)
  Josephine (D:13)
  3 vault guards (D:14)
  A salamander tyrant (Snake:4)
  5 anacondas
  2 catoblepae
  A demonspawn (Orc:2)
  2 ghost crabs (Swamp:3)
  3 centaur warriors
  7 two-headed ogres
  6 alligators
  5 hydras
  A deep troll shaman (Lair:5)
  10 dancing weapons
  3 boulder beetles
  17 naga warriors
  A thrashing horror (Swamp:4)
  3 death yaks (Lair:5)
  3 orc high priests (Orc:2)
  4 tengu warriors
  15 naga sharpshooters
  Urug (Orc:2)
  9 shock serpents
  4 deep elf knights
  A sun demon (Orc:2)
  A skyshark (Lair:4)
  7 salamander mystics
  2 skeletal warriors (D:14)
  4 goliath frogs
  4 spriggan riders
  3 spriggan druids
  4 bog bodies
  7 swamp dragons
  5 naga ritualists
  3 deep elf archers (Elf:1)
  4 orc knights
  5 mana vipers
  2 large abominations (Swamp:4)
  12 deep elf zephyrmancers (Elf:1)
  16 deep elf pyromancers
  9 orc sorcerers (Orc:2)
  A will-o-the-wisp (Swamp:2)
  15 ugly things
  A manticore (D:12)
  10 salamanders
  8 cyclopes
  A meliai (shapeshifter) (D:13)
  5 guardian serpents
  15 elephants
  2 meliai (D:14)
  37 black mambas
  19 slime creatures
  5 kobold blastminers
  18 naga magi
  5 gargoyles (D:7)
  2 molten gargoyles (Lair:4)
  3 orange demons
  6 cane toads
  2 rime drakes
  8 komodo dragons
  2 efreet
  A tengu conjurer (D:14)
  2 trolls
  A red devil (Orc:2)
  7 tyrant leeches
  A polar bear (Lair:5)
  Prince Ribbit (D:9)
  6 hornets
  14 blink frogs
  A centaur simulacrum (D:15)
  6 shadows
  A spriggan (Swamp:3)
  A water elemental (Elf:1)
  2 air elementals (Elf:1)
  44 yaks
  9 wraiths
  3 wyverns
  3 wargs
  4 basilisks
  8 humans (D:14)
  4 chaos spawn (Elf:2)
  2 vampire mosquitoes (D:12)
  A steam dragon (D:7)
  12 swamp worms
  2 acid dragons (D:10)
  52 nagas
  19 water moccasins
  A sky beast (D:6)
  6 ice beasts
  29 orc warriors
  A black bear (Lair:5)
  3 ogres
  2 centaurs
  17 wolves
  2 phantoms
  3 kobold brigands
  An earth elemental (Elf:2)
  12 bullfrogs
  7 scorpions
  5 wights (D:8)
  8 killer bees
  8 howler monkeys
  5 lava snakes (Lair:4)
  2 hounds
  A jelly (D:6)
  25 orc priests
  A gnoll bouda (D:7)
  Terence (D:2)
  4 iguanas
  21 orc wizards
  2 hell rats (Lair:4)
  Robin (D:2)
  7 adders
  9 gnolls
  A white imp (D:5)
  2 ufetubi (D:6)
  A dart slug (D:2)
  2 ribbon worms
  The ghost of DeathSocks the Sneak, a weakling VSDe (D:5)
  71 orcs
  2 bats
  6 endoplasms
  3 giant cockroaches
  12 goblins
  9 hobgoblins
  14 jackals (D:3)
  2 quokkas
  3 ball pythons
  3 frilled lizards
  14 kobolds
  2 rats
926 creatures vanquished.

Vanquished Creatures (collateral kills)
  Jorgrun (D:15)
  A nagaraja (Snake:4)
  A fenstrider witch (Swamp:3)
  An orc warlord (Orc:2)
  A very ugly thing (Swamp:4)
  A salamander tyrant (Snake:4)
  A ghost crab (Swamp:2)
  8 hydras
  A centaur warrior (D:15)
  A two-headed ogre (D:12)
  3 alligators (Swamp:3)
  A death yak (Lair:5)
  3 naga warriors
  A naga sharpshooter (Snake:4)
  A skeletal warrior (D:14)
  A spriggan rider (Swamp:2)
  3 bog bodies
  3 mana vipers
  4 goliath frogs
  2 swamp dragons (Swamp:4)
  A harpy (shapeshifter) (D:15)
  A meliai (D:14)
  3 black mambas
  2 salamanders (Snake:4)
  7 elephants
  4 naga magi
  3 orange demons (Swamp:4)
  2 cane toads (Lair:4)
  3 komodo dragons
  A troll (D:11)
  A polar bear (Lair:5)
  2 tyrant leeches
  7 blink frogs
  7 slime creatures
  8 yaks
  A human (D:14)
  2 basilisks
  8 nagas
  2 swamp worms
  A water moccasin (Lair:2)
  3 orc warriors (Orc:2)
  A black bear (Lair:5)
  3 ogres
  4 wolves (Lair:5)
  A centaur (D:8)
  4 bullfrogs
  A killer bee (D:11)
  A howler monkey (D:9)
  An orc priest (D:9)
  A hound (D:3)
  2 hell rats (Lair:4)
  An orc wizard (D:4)
  7 gnolls
  2 adders
  31 orcs
  An endoplasm (D:2)
  4 goblins (D:2)
  2 hobgoblins (D:2)
  3 jackals (D:3)
  A bat (D:2)
  3 kobolds
182 creatures vanquished.

Vanquished Creatures (others)
  A swamp dragon (Swamp:4)
  An anaconda zombie (Snake:1)
  3 ugly thing zombies
  2 alligator zombies
  4 goliath frog zombies
  An eleionoma zombie (Swamp:4)
  2 mana viper zombies
  3 shock serpent zombies
  A spectral sun demon (Orc:2)
  A swamp worm zombie (Lair:3)
  A hydra zombie (Lair:3)
  2 bloated husks
  A harpy zombie (D:15)
  3 guardian serpent zombies
  3 meliai zombies (D:14)
  7 black mamba zombies
  A spriggan (Swamp:2)
  3 spriggan zombies
  3 spectral orange demons (Swamp:4)
  10 slime creature zombies
  3 tyrant leech zombies
  5 two-headed ogre zombies
  2 cane toad zombies
  A spectral efreet (D:14)
  12 elf zombies (Elf:1)
  4 swamp dragon zombies (Swamp:4)
  4 blink frog zombies
  2 elephant zombies
  3 hornet zombies
  A rime drake zombie (Lair:1)
  7 salamander zombies
  3 spectral chaos spawn (Elf:2)
  A warg zombie (Orc:2)
  3 cyclops zombies
  A wyvern zombie (D:9)
  6 water moccasin zombies
  A polar bear zombie (Lair:5)
  11 yak zombies
  9 wolf zombies
  A bullfrog zombie (Lair:4)
  5 centaur zombies
  2 scorpion zombies
  An ogre zombie (Orc:2)
  2 ice beast zombies (D:7)
  50 naga zombies
  A hell rat zombie (Lair:4)
  A steam dragon zombie (D:7)
  3 adder zombies
  3 lava snake zombies (Lair:4)
  A spectral white imp (D:5)
  7 gnoll zombies
  An endoplasm zombie (D:2)
  A frilled lizard zombie (D:3)
  A giant cockroach zombie (D:4)
  7 goblin zombies (D:2)
  3 hobgoblin zombies (D:2)
  6 human zombies
  5 jackal zombies (D:3)
  4 kobold zombies
  53 orc zombies
  A rat zombie (D:2)
  A spectral ufetubus (D:6)
  6 foxfires (Swamp:2)
298 creatures vanquished.

Grand Total: 1406 creatures vanquished

Notes
Turn   | Place    | Note
-------+----------+-------------------------------------------
     0 | D:1      | MysticSailboat the Troll Fighter began the quest for the
                  | Orb.
     0 | D:1      | Reached XP level 1. HP: 22/22 MP: 0/0
   165 | D:1      | Found a faded altar of an unknown god.
   214 | D:1      | Prayed at the altar of an unknown god.
   214 | D:1      | Became a worshipper of Yredelemnul the Dark
   221 | D:1      | Reached * piety under Yredelemnul
   323 | D:1      | Reached XP level 2. HP: 29/29 MP: 1/1
   563 | D:1      | Reached skill level 3 in Unarmed Combat
   965 | D:2      | Reached XP level 3. HP: 35/36 MP: 2/2
  1004 | D:2      | Noticed Terence
  1021 | D:2      | Reached skill level 4 in Unarmed Combat
  1029 | D:2      | Killed Terence
  1029 | D:2      | Reached ** piety under Yredelemnul
  1030 | D:2      | Reached XP level 4. HP: 43/44 MP: 3/3
  1306 | D:2      | Noticed Robin
  1366 | D:2      | Your ally Terence died
  1379 | D:2      | Killed Robin
  1380 | D:2      | Reached skill level 5 in Unarmed Combat
  1758 | D:3      | Reached XP level 5. HP: 50/50 MP: 4/4
  2319 | D:3      | Reached skill level 6 in Unarmed Combat
  2327 | D:3      | Reached XP level 6. HP: 59/59 MP: 5/5
  2513 | D:3      | Reached skill level 7 in Unarmed Combat
  2555 | D:3      | Reached *** piety under Yredelemnul
  2651 | D:3      | Reached XP level 7. HP: 47/66 MP: 6/6
  2749 | D:3      | Reached skill level 8 in Unarmed Combat
  3179 | D:4      | Reached skill level 9 in Unarmed Combat
  3760 | D:4      | Reached XP level 8. HP: 74/74 MP: 7/7
  3875 | D:5      | Entered Level 5 of the Dungeon
  3926 | D:5      | Reached skill level 10 in Unarmed Combat
  3980 | D:5      | Found a snail-covered altar of Cheibriados.
  3980 | D:5      | Found a glowing silver altar of Zin.
  3981 | D:5      | Found a bloodstained altar of Trog.
  4018 | D:5      | Found a runed translucent door.
  4373 | D:5      | Reached skill level 11 in Unarmed Combat
  4430 | D:5      | Reached skill level 12 in Unarmed Combat
  4430 | D:5      | Reached XP level 9. HP: 63/80 MP: 8/8
  4655 | D:5      | Noticed DeathSocks's ghost (weakling VSDe)
  4730 | D:5      | Killed DeathSocks's ghost
  4753 | D:6      | Found a glowing golden altar of the Shining One.
  4987 | D:6      | Found Itaiso's Distillery.
  5004 | D:6      | Bought a potion of curing for 36 gold pieces
  5004 | D:6      | Bought a potion of lignification for 36 gold pieces
  5004 | D:6      | Bought a potion of invisibility for 96 gold pieces
  5100 | D:6      | Reached skill level 13 in Unarmed Combat
  5299 | D:6      | Reached **** piety under Yredelemnul
  5559 | D:7      | Noticed a two-headed ogre
  5638 | D:7      | Found a staircase to the Ecumenical Temple.
  5648 | D:6      | Killed a two-headed ogre
  5649 | D:6      | Reached skill level 14 in Unarmed Combat
  5718 | D:7      | Reached XP level 10. HP: 70/88 MP: 9/9
  5801 | D:7      | Reached skill level 15 in Unarmed Combat
  5883 | D:7      | Noticed a gargoyle
  5898 | D:7      | Killed a gargoyle
  5899 | D:7      | Noticed a gargoyle
  5905 | D:7      | Killed a gargoyle
  5952 | D:7      | Noticed a gargoyle
  5953 | D:7      | Noticed a gargoyle
  5958 | D:7      | Killed a gargoyle
  5965 | D:7      | Killed a gargoyle
  5999 | D:7      | Noticed a gargoyle
  6004 | D:7      | Killed a gargoyle
  6005 | D:7      | Reached skill level 16 in Unarmed Combat
  6104 | D:7      | Noticed a cyclops
  6114 | D:7      | Found a stormy altar of Qazlal.
  6120 | D:7      | Killed a cyclops
  6752 | D:8      | Noticed a green ugly thing
  6766 | D:8      | Killed a green ugly thing
  6767 | D:8      | Reached XP level 11. HP: 90/94 MP: 10/10
  7209 | D:9      | Noticed Prince Ribbit
  7219 | D:9      | Killed Prince Ribbit
  7264 | D:9      | Reached skill level 17 in Unarmed Combat
  7355 | D:9      | Found a staircase to the Orcish Mines.
  7407 | D:9      | Noticed a two-headed ogre
  7407 | D:9      | Noticed a two-headed ogre
  7415 | D:9      | Killed a two-headed ogre
  7425 | D:9      | Killed a two-headed ogre
  7497 | D:9      | Noticed a two-headed ogre
  7503 | D:9      | Killed a two-headed ogre
  7553 | D:9      | Noticed a two-headed ogre
  7564 | D:9      | Killed a two-headed ogre
  7596 | D:9      | Reached skill level 18 in Unarmed Combat
  8123 | D:10     | Entered Level 10 of the Dungeon
  8350 | D:10     | Identified the staff of Extinguishment {rF+ rC++ Str+4
                  | Int-5 Fire}
  8351 | D:10     | Noticed a seven-headed hydra
  8351 | D:10     | Noticed Strat's ghost (journeyman MiFE)
  8351 | D:10     | Noticed a boulder beetle
  8353 | D:10     | Found a transporter.
  8353 | D:10     | Noticed a two-headed ogre
  8434 | D:10     | Found a transporter.
  8551 | D:10     | Found a sacrificial altar of Ru.
  8679 | D:10     | Reached skill level 19 in Unarmed Combat
  8706 | D:11     | Noticed a two-headed ogre
  8715 | D:11     | Killed a two-headed ogre
  8716 | D:11     | Reached XP level 12. HP: 65/104 MP: 11/11
  8765 | D:11     | Noticed a boulder beetle
  8797 | D:11     | Killed a boulder beetle
  8878 | D:11     | Found Pyume's Armour Shop.
  8895 | D:11     | Reached ***** piety under Yredelemnul
  9111 | D:11     | Found a staircase to the Lair.
  9117 | D:11     | Reached ****** piety under Yredelemnul
  9210 | D:11     | Reached skill level 5 in Fighting
  9909 | D:12     | Noticed a two-headed ogre
  9916 | D:12     | Killed a two-headed ogre
 10299 | D:12     | You fall into a shaft and drop 2 floors!
 10728 | D:12     | Noticed a centaur warrior
 10734 | D:12     | Killed a centaur warrior
 10777 | D:12     | Reached skill level 20 in Unarmed Combat
 11017 | D:11     | Bought +2 acid dragon scales for 676 gold pieces
 11075 | Lair:1   | Entered Level 1 of the Lair of Beasts
 11084 | Lair:1   | Reached XP level 13. HP: 120/124 MP: 12/12
 12339 | Lair:2   | Reached skill level 21 in Unarmed Combat
 12493 | Lair:2   | Found a staircase to the Snake Pit.
 12565 | Lair:2   | Reached skill level 1 in Armour
 12685 | Lair:2   | Found a hide-covered altar of Uskayaw.
 12686 | Lair:2   | Found an ornate altar of the Wu Jian Council.
 13635 | Lair:3   | Found a staircase to the Swamp.
 14199 | Lair:4   | Reached XP level 14. HP: 110/137 MP: 13/13
 14215 | Lair:4   | Reached skill level 5 in Armour
 14889 | Lair:5   | Entered Level 5 of the Lair of Beasts
 15143 | Lair:5   | Reached skill level 10 in Fighting
 15266 | Lair:5   | Found a viscous altar of Jiyva.
 15266 | Lair:5   | Found a staircase to the Slime Pits.
 15709 | Lair:5   | Got the Parchment of the Kinetic Boggart
 15778 | Lair:5   | Identified 2 scrolls of acquirement
 15779 | Lair:5   | Acquired the amulet of Kourosk {Reflect rElec SH+5}
 15781 | Lair:5   | Acquired 467 gold pieces
 16112 | D:13     | Noticed Josephine
 16136 | D:13     | Killed Josephine
 17300 | D:14     | Reached XP level 15. HP: 126/154 MP: 14/14
 17338 | D:14     | Found a gate to the Vaults.
 17665 | D:15     | Entered Level 15 of the Dungeon
 17865 | D:15     | Noticed Jorgrun
 17883 | D:15     | Killed Jorgrun
 18144 | D:15     | Noticed Nessos
 18156 | D:15     | Killed Nessos
 18369 | D:15     | Your ally Nessos died
 18597 | D:15     | Found a staircase to the Depths.
 18748 | Orc:1    | Entered Level 1 of the Orcish Mines
 18751 | Orc:1    | Reached skill level 22 in Unarmed Combat
 19062 | Orc:2    | Entered Level 2 of the Orcish Mines
 19190 | Orc:2    | Found Myixuv's Self-Improvement Boutique.
 19243 | Orc:2    | Found Tefyeveb's Magic Scroll Shoppe.
 19256 | Orc:2    | Found Qeiciam's Magic Scroll Emporium.
 19308 | Orc:2    | Bought a scroll of fear for 44 gold pieces
 19308 | Orc:2    | Bought a scroll of silence for 104 gold pieces
 19535 | Orc:2    | Paralysed by an orc sorcerer for 2 turns
 19607 | Orc:2    | Found Noqazud's Antique Weapon Shop.
 19607 | Orc:2    | Found Qokepu's Book Boutique.
 19608 | Orc:2    | Found a one-way gate leading to the halls of Pandemonium.
 19619 | Orc:2    | Reached skill level 23 in Unarmed Combat
 19808 | Orc:2    | Noticed Urug
 19812 | Orc:2    | Found a staircase to the Elven Halls.
 19823 | Orc:2    | Killed Urug
 19931 | Orc:2    | Noticed Donald
 19945 | Orc:2    | Killed Donald
 20475 | Swamp:1  | Entered Level 1 of the Swamp
 20806 | Swamp:1  | Reached XP level 16. HP: 162/162 MP: 15/15
 21047 | Swamp:2  | Found a one-way gate to the infinite horrors of the Abyss.
 21047 | Swamp:2  | Noticed popps's ghost (adept MiBe)
 21059 | Swamp:2  | Found a transporter.
 21213 | Swamp:2  | Noticed a tentacled starspawn
 21275 | Swamp:2  | Found a transporter.
 21395 | Swamp:2  | Noticed a tentacled starspawn
 21512 | Swamp:3  | Noticed Mara
 21538 | Swamp:3  | Reached skill level 5 in Shields
 21709 | Swamp:3  | Found an ornate altar of the Wu Jian Council.
 21744 | Swamp:3  | Killed Mara
 22438 | Snake:1  | Entered Level 1 of the Snake Pit
 22632 | Snake:1  | Noticed Roxanne
 22982 | Snake:1  | Reached skill level 10 in Shields
 23323 | Snake:1  | Killed Roxanne
 24051 | Snake:2  | Reached XP level 17. HP: 121/170 MP: 16/16
 24368 | Snake:2  | Found Kotynoz's Overcharged Wands.
 24992 | Snake:3  | Noticed Vashnia
 25385 | Swamp:4  | Entered Level 4 of the Swamp
 25428 | Swamp:4  | Paralysed by a hornet for 3 turns
 25646 | Swamp:4  | Reached skill level 24 in Unarmed Combat
 26465 | Swamp:4  | Noticed a tentacled monstrosity
 26484 | Swamp:4  | Killed a tentacled monstrosity
 26534 | Swamp:4  | Got a decaying rune of Zot
 27001 | Snake:3  | Reached skill level 25 in Unarmed Combat
 28079 | Snake:3  | Killed Vashnia
 28448 | Snake:4  | Entered Level 4 of the Snake Pit
 28715 | Snake:4  | Identified the serpent talisman of Monotheism {Str+6 Dex+7
                  | Slay-6}
 28715 | Snake:4  | Noticed Aizul
 28754 | Snake:4  | Killed Aizul
 28893 | Snake:4  | Reached XP level 18. HP: 176/179 MP: 17/17
 29133 | Snake:4  | Your ally Aizul died
 29177 | Snake:3  | Reached skill level 26 in Unarmed Combat
 29361 | Snake:4  | HP: 8/179 [constriction (2)]
 30667 | Snake:4  | Got a serpentine rune of Zot
 31124 | Elf:1    | Entered Level 1 of the Elven Halls
 31298 | Elf:1    | Found Welirot's Armour Emporium.
 31355 | Elf:1    | Found Usageoll's Weapon Shoppe.
 31426 | Elf:1    | Reached skill level 27 in Unarmed Combat
 32110 | Elf:1    | Noticed Frances
 32131 | Elf:1    | Killed Frances
 32715 | Elf:2    | Noticed Zenata
 32728 | Elf:2    | HP: 9/276 [+0 flail of holy wrath[Zenata] (16)]
 32729 | Elf:2    | Slain by a +0 flail of holy wrath

Illustrated notes

Levels and vault maps discovered:
D:1:      co_arrival_random_square_maze, layout_loops_ring,
          shapermc_ecumenical_altar_mp_urbaneastern
D:2:      layout_loops_corners, minmay_gold_behind_fungi, uniq_robin,
          uniq_terence
D:3:      lemuel_castle_with_subvaults [lemuel_castle_interior_carwin_2],
          layout_basic
D:4:      layout_basic
D:5:      minmay_evil_eye, layout_gridville, gammafunk_temple_overflow_claw,
          ebering_ghost_inner_flame
D:6:      layout_basic, mainiacjoe_overflow_concentric_impassable, serial_shops,
          nicolae_shop_industrial_runoff
D:7:      cheibrodos_statue_roulette, layout_rooms,
          nicolae_overflow_crystal_walls, minmay_temple_entry_offerings
D:8:      kennysheep_big_flooded_room, layout_basic, minmay_misc_feat_enclosed,
          hangedman_decor_push
D:9:      layout_rooms, hiddenorc2_lemuel, minmay_increasing_density,
          uniq_prince_ribbit1
D:10:     layout_cave_pools, nicolae_ru_path_of_blood, nzn_ghost_randoct
D:11:     layout_long_grid, grunt_lair_entry_orc_guard_hut, serial_shops,
          nicolae_stop_n_shop_1
D:12:     layout_layer_cave, serial_glass, glass_columns_a, glass_columns_c
D:13:     layout_basic, uniq_josephine
D:14:     layout_loops_corners, ximxim_vaults_locker_room, hex_medium
D:15:     grunt_enter_depths_snipers, layout_basic, dreamdust_princess_bridge,
          uniq_jorgrun, uniq_nessos
Lair:1:   layout_layer_cave, grunt_megastairs_5
Lair:2:   layout_regular_city, guppyfry_snake_entry_garden, minivault_23,
          nzn_masters_of_martial_movement, grunt_megastairs_1
Lair:3:   layout_chaotic_city, palyth_hydra_swamp_entry, serial_bayou_shore_a
Lair:4:   cheibrodos_magma_flow, layout_regular_city, lemuel_fruit_tree
Lair:5:   grunt_lair_end_beastmaster, layout_hall_layers, slime_entry_1,
          grunt_megastairs_3
Swamp:1:  layout_falls_marsh, evilmike_swamp_ruin_house_5
Swamp:2:  layout_basic_swamp, gammafunk_ghost_abyssal_escape,
          nicolae_swamp_fairy_circle
Swamp:3:  layout_falls_marsh, nicolae_swamp_godswood, swamp_pool_1_2,
          grunt_witch_cave, uniq_mara
Swamp:4:  swamp_vile, layout_basic_swamp
Snake:1:  layout_misc_corridors, uniq_roxanne
Snake:2:  layout_layer_cave, drop_trap, nicolae_shop_overcharged_wands
Snake:3:  layout_rooms, uniq_vashnia
Snake:4:  minmay_snake_end_coiled, layout_chambers, uniq_aizul
Orc:1:    layout_caves
Orc:2:    pf_orc_diabolical, layout_caves, nicolae_shop_self_help, uniq_urug,
          uniq_donald
Elf:1:    layout_gridlike, serial_shops, nicolae_shop_behind_doors,
          minmay_elf_demonology, minmay_shop_grid_forest,
          roderic_lattice_octagonal_star, uniq_frances
Elf:2:    elven_hall_of_blades_hangedman_original
          [nicolae_blade_entry_hurt_lockers], layout_loops_corners,
          columned_hall_lemuel, nicolae_elf_free_trip_to_the_abyss, uniq_zenata,
          uniq_agnes

Skill      XL: |  1  2  3  4  5  6  7  8  9 10 11 12 13 14 15 16 17 18 |
---------------+-------------------------------------------------------+-----
Unarmed Combat | 3 4 5 6 7 9 12 14 16 19 20 21 23 25 27 | 27.0
Fighting       | 7 8 11 12 | 12.6
Armour         | 4 8 |  8.7
Shields        | 11 | 11.4
Dodging        | |  2.4

Action                     |  1- 3 |  4- 6 |  7- 9 | 10-12 | 13-15 | 16-18 || total
---------------------------+-------+-------+-------+-------+-------+-------++-------
  Melee: Unarmed           |    64 |   125 |   231 |   493 |   852 |   854 ||  2619
  Throw: Throwing net      |       |       |       |       |     4 |     3 ||     7
 Invoke: Recall Undead Har |       |     2 |     1 |     1 |     4 |     4 ||    12
         Dark Bargain      |       |     1 |       |       |       |       ||     1
  Evoke: Wand              |       |       |       |       |       |     2 ||     2
    Use: Scroll            |       |       |     5 |     9 |     9 |    20 ||    43
         Potion            |       |       |       |     3 |     5 |    14 ||    22
   Stab: Distracted        |       |       |     2 |       |     9 |    12 ||    23
         Held in net/web   |       |       |       |       |     1 |     2 ||     3
 Armour: Robe              |    24 |    77 |   142 |   188 |       |       ||   431
         Skin              |       |       |       |    14 |       |    31 ||    45
         Acid dragon scale |       |       |       |     5 |   436 |   474 ||   915
  Dodge: Dodged            |    23 |    41 |    70 |   174 |   345 |   248 ||   901
  Block: Kite shield       |    14 |    52 |    64 |   116 |   365 |   600 ||  1211
         Reflection        |       |       |       |       |    15 |    92 ||   107
